 Dungeon Crawl Stone Soup version 0.18-a0-1624-g19ad93e (webtiles) character file.

133 Oddball22 the Caller (level 5, -7/26 HPs)
             Began as a Vine Stalker Summoner on Mar 24, 2016.
             Was an Initiate of Sif Muna.
             Mangled by an iguana (12 damage)
             ... on level 4 of the Dungeon.
             The game lasted 00:06:04 (2479 turns).

Oddball22 the Caller (Vine Stalker Summoner)        Turns: 2479, Time: 00:06:05

Health: -7/26      AC:  3    Str: 10    XL:     5   Next: 16%
Magic:  0/11       EV: 13    Int: 16    God:    Sif Muna [......]
Gold:   147        SH:  0    Dex: 15    Spells: 2 memorised, 5 levels left

rFire  . . .     SeeInvis .     d - +0 hand axe
rCold  . . .     Gourm    .     a - +1 robe
rNeg   . . .     Faith    .     (no shield)
rPois  .         Spirit   +     (no helmet)
rElec  .         Dismiss  .     (no cloak)
rCorr  .         Reflect  .     (no gloves)
SustAt .         Harm     .     (no boots)
MR     .....                    (no amulet)
Stlth  ++........               (no ring)
                                (no ring)

@: very slightly contaminated, not resistant to hostile enchantments, unstealthy
A: fangs 2, regeneration 1, magic shield, antimagic bite, no device heal 3, rot
immunity
a: Renounce Religion


You were on level 4 of the Dungeon.
You worshipped Sif Muna.
Sif Muna was noncommittal.
You were hungry.

You visited 1 branch of the dungeon, and saw 4 of its levels.

You collected 147 gold pieces.

Inventory:

Hand Weapons
 d - a +0 hand axe (weapon)
 i - a +2 dagger of holy wrath
Missiles
 o - 8 javelins (quivered)
Armour
 a - a +1 robe (worn)
Scrolls
 q - a scroll of immolation
 s - a scroll of blinking
 u - a scroll of remove curse
Potions
 e - a potion of heal wounds {unknown}
 h - a potion of mutation {unknown}
 j - a potion of invisibility {unknown}
 k - a potion of might {unknown}
 l - a potion of flight {unknown}
 n - a potion of agility {unknown}
 r - a potion of curing {unknown}
 t - a potion of berserk rage {unknown}
Books
 b - a book of Callings

   Spells                             Type                      Level
   a - Summon Small Mammal            Summoning                    1
   b - Call Imp                       Summoning                    2
   c - Call Canine Familiar           Summoning                    3
   d - Summon Guardian Golem          Hexes/Summoning              3
   e - Summon Lightning Spire         Summoning/Air                4
   f - Summon Ice Beast               Ice/Summoning                4
Comestibles
 c - 2 bread rations
 g - 2 beef jerkies
 m - 2 meat rations


   Skills:
 + Level 2.2 Fighting
 + Level 2.4 Dodging
 - Level 2.4 Stealth
 * Level 3.3 Spellcasting
 + Level 4.3 Summonings


You had 5 spell levels left.
You knew the following spells:

 Your Spells              Type           Power        Failure   Level  Hunger
b - Call Imp              Summ           ###.....     6%          2    ##.....
c - Call Canine Familiar  Summ           ###.....     12%         3    ###....


Dungeon Overview and Level Annotations

Branches:
Dungeon (4/15)
 Temple: D:4-7

Altars:
Ashenzari
Kikubaaqudgha
Ru
Sif Muna
Trog


Innate Abilities, Weirdness & Mutations

You have extremely sharp teeth.
Your natural rate of healing is unusually fast.
When hurt, damage is shared between your health and your magic reserves.
Your bite disrupts and absorbs the magic of your enemies.
Potions and wands cannot restore your health.
You are immune to rotting.


Message History

The iguana is heavily wounded.
Your hound bites the iguana.
Your hound bites the iguana but does no damage.
The iguana closely misses your hound.
You strike the helpless iguana from a blind spot!
You hit the iguana but do no damage. You bite the iguana, but do no damage.
The iguana is severely wounded.
Your hound bites the iguana but does no damage. x2
The iguana barely misses your hound.
You barely miss the iguana. You bite the iguana, but do no damage.
The iguana is severely wounded.
Your hound bites the iguana.
The iguana barely misses you.
Your hound closely misses the iguana.
The iguana bites you!
* * * LOW HITPOINT WARNING * * *
A hound skeleton comes into view.
You barely miss the iguana. Your bite misses the iguana.
The iguana is almost dead.
Your hound bites the iguana.
Your hound closely misses the iguana.
The iguana bites you!
You die...

########+########
#...............#
#...............#
#...............#
#...............#
#...........)...+
#............@lh#
####...............#
......#####+##........
......# #......Z...
......# #..........
......# #..........
...#### ##+######..
...# .. ...#


You could see an iguana, a hound skeleton and a friendly hound.

Vanquished Creatures
  5 adders
  A gnoll (D:3)
  2 oozes (D:1)
  A dart slug (D:2)
  A giant gecko (D:1)
  2 giant cockroaches
  5 goblins
  4 hobgoblins
  5 jackals
  A quokka (D:2)
  6 bats
  3 giant newts
  5 kobolds
  6 rats
47 creatures vanquished.

Vanquished Creatures (collateral kills)
  2 gnolls (D:3)
  2 adders
  A giant gecko (D:3)
  An orc (D:3)
  3 jackals (D:3)
  A quokka (D:3)
  A kobold (D:3)
  2 rats
13 creatures vanquished.

Grand Total: 60 creatures vanquished

Notes
Turn   | Place    | Note
--------------------------------------------------------------
     0 | D:1      | Oddball22 the Vine Stalker Summoner began the quest for the Orb.
     0 | D:1      | Reached XP level 1. HP: 9/9 MP: 4/4
    99 | D:1      | Reached XP level 2. HP: 14/14 MP: 4/6
   289 | D:1      | Reached skill level 1 in Fighting
   366 | D:1      | Learned a level 2 spell: Call Imp
   623 | D:1      | Reached XP level 3. HP: 15/18 MP: 5/7
   657 | D:1      | Learned a level 3 spell: Call Canine Familiar
   750 | D:2      | Noticed a moth of wrath
   752 | D:2      | Found a bloodstained altar of Trog.
  1061 | D:2      | Found a deep blue altar of Sif Muna.
  1074 | D:2      | Became a worshipper of Sif Muna the Loreminder
  1241 | D:2      | Reached XP level 4. HP: 18/22 MP: 5/9
  1959 | D:3      | Found an ancient bone altar of Kikubaaqudgha.
  1962 | D:3      | Found a sacrificial altar of Ru.
  1965 | D:3      | Found a shattered altar of Ashenzari.
  2130 | D:3      | Reached XP level 5. HP: 23/26 MP: 4/10
  2479 | D:4      | Mangled by an iguana

Vault maps used:
D:1:      saegor_arrival_simple_d, minmay_misc_feat_room
D:2:      nicolae_overflow_crystal_walls, tgw_trog
D:3:      grunt_temple_overflow_diamond, kennysheep_boxes
D:4:      first_bread, uniq_sigmund

Skill      XL: |  1  2  3  4 |
---------------+-------------+-----
Fighting       | 1 2 |  2.2
Dodging        | 2 |  2.4
Spellcasting   | 3 |  3.3
Stealth        | |  2.4
Summonings     | |  4.3

Action                   |  1- 3 |  4- 6 || total
-------------------------+-------+-------++-------
Melee: Hand axe          |    93 |    89 ||   182
 Cast: Summon Small Mamm |     1 |     1 ||     2
       Call Canine Famil |     4 |     7 ||    11
  Use: Scroll            |     3 |     7 ||    10
 Stab: Sleeping          |     7 |     4 ||    11
       Distracted        |     1 |     1 ||     2
  Eat: Chunk             |     2 |     4 ||     6
